 Dungeon Crawl Stone Soup version 0.23-a0-14-g8c9a20f (webtiles) character file.

1826 Amnesiac the Destroyer (level 8, -2/52 HPs)
             Began as a Mummy Conjurer on Aug 2, 2018.
             Was a Follower of Vehumet.
             Slain by a lorocyproca (9 damage)
             ... on level 2 of the Abyss.
             The game lasted 00:12:09 (6655 turns).

Amnesiac the Destroyer (Mummy Conjurer)             Turns: 6655, Time: 00:12:10

Health: -2/52      AC:  7    Str: 12    XL:     8   Next: 86%
Magic:  12/20      EV: 12    Int: 16    God:    Vehumet [*.....]
Gold:   272        SH:  0    Dex: 12    Spells: 13/24 levels left

rFire    x . .     SeeInvis .   k - +0 long sword
rCold    + . .     Gourm    .   (no shield)
rNeg     + + +     Faith    .   a - +0 robe
rPois    ∞         Spirit   .   (no helmet)
rElec    .         Reflect  .   (no cloak)
rCorr    .         Harm     .   n - +2 pair of gloves
MR       +....                  i - +1 pair of boots
Stlth    ++........             (no amulet)
HPRegen  0.17/turn              j - ring of flight
MPRegen  0.17/turn              (no ring)

@: very slightly contaminated
A: no food or potions, fire vulnerability, cold resistance 1, negative energy
resistance 3, torment resistance, unbreathing
a: Renounce Religion, Evoke Flight


You were on level 2 of the Abyss.
You worshipped Vehumet.
Vehumet was aware of your devotion.
You were not hungry.

You visited 2 branches of the dungeon, and saw 8 of its levels.
You visited the Abyss 1 time.

You collected 304 gold pieces.
You spent 32 gold pieces at shops.

Inventory:

Hand Weapons
 e - a +0 mace
 k - a +0 long sword (weapon)
 l - a +1 dagger of distortion
Armour
 a - a +0 robe (worn)
 h - a +0 shield
 i - a +1 pair of boots (worn)
 n - a +2 pair of gloves (worn)
 p - a +2 buckler of poison resistance
Jewellery
 j - a ring of flight (left hand)
 m - an uncursed ring of ice {unknown}
Wands
 o - a wand of enslavement (17)
Scrolls
 b - a scroll of enchant weapon {!r}
 d - 7 scrolls of remove curse {!r}
 f - 2 scrolls of amnesia {!r}
 g - 2 scrolls of magic mapping {!r}
 q - a scroll of fog {!r}


   Skills:
 - Level 1.5 Dodging
 - Level 1.5 Stealth
 + Level 8.5 Spellcasting
 * Level 8.5 Conjurations


You had 13 spell levels left.
You knew the following spells:

 Your Spells              Type           Power        Failure   Level  Hunger
a - Iskenderun's Mystic   Conj           ####....     3%          4    N/A
b - Magic Dart            Conj           ####         1%          1    N/A
d - Searing Ray           Conj           ####..       1%          2    N/A
q - Fulminant Prism       Conj/Hex       ###.......   19%         4    N/A

Your spell library contained the following spells:

 Spells                   Type           Power        Failure   Level  Hunger
 Dazzling Spray           Conj/Hex       ###...       5%          3    N/A
 Force Lance              Conj/Tloc      ###.....     19%         4    N/A

Dungeon Overview and Level Annotations

Branches:
Dungeon (7/15)             Temple (1/1) D:6

Altars:
Dithmenos
Gozag
Hepliaklqana
Makhleb
Nemelex Xobeh
Okawaru
Ru
Sif Muna
Trog
Uskayaw
Vehumet
Wu Jian
Yredelemnul

Shops:
D:4 *

Annotations:
D:6 Harold


Innate Abilities, Weirdness & Mutations

You do not eat or drink.
Your flesh is vulnerable to fire.
You are immune to poison.
Your flesh is cold resistant. (rC+)
You are immune to negative energy. (rN+++)
You are immune to unholy pain and torment.
You can survive without breathing.


Message History

You hear a bark! x2
Found an inky potion and a notched ruby ring.
Found a glowing buckler.
m - a notched ruby ring A raiju comes into view.
A raiju comes into view.
You see here a glowing buckler.
p - a glowing buckler Really read
g - 3 scrolls labeled SINLUJAKKA {!r}?
As you read the scroll labeled SINLUJAKKA {!r}, it crumbles to dust.
You feel momentarily disoriented.
It was a scroll of magic mapping {!r}.
The raiju bursts into living lightning!
The living lightning hits the raiju.
The raiju completely resists.
The living lightning hits you!
The raiju blinks!
Okay, then.
A raiju comes into view.
The raiju bites you but does no damage.
The raiju bursts into living lightning!
The living lightning hits you!
* * * LOW HITPOINT WARNING * * *
The raiju blinks!
Really read
c - 2 scrolls of blinking {!r}?
Blink to where?
Press: ? - help, Dir - move target cursor You are very lightly contaminated with residual magic.
As you read the scroll of blinking {!r}, it crumbles to dust.
Found a scroll of identify.
Really read
c - a scroll of blinking {!r}?
Blink to where?
Press: ? - help, Dir - move target cursor
As you read the scroll of blinking {!r}, it crumbles to dust.
Found a fizzy amethyst potion.
Found a gateway leading out of the Abyss.
You are suddenly pulled into a different region of the Abyss!
Unknown command.
You hear a chilling moan.
You enter the shallow water.
Moving in this stuff is going to be slow.
You start resting.
You hear a shout!
A worldbinder comes into view.
The worldbinder calls forth creatures from the Swamp!
You enter the shallow water.
Moving in this stuff is going to be slow.
The sentinel's mark upon you fades away.
The worldbinder calls forth creatures from the Swamp!
The vampire mosquito disappears in a puff of smoke!
The worldbinder misses you. The worldbinder barely misses you.
The worldbinder hits you.
* * * LOW HITPOINT WARNING * * *
The worldbinder hits you.
* * * LOW HITPOINT WARNING * * *
Unknown command.
The worldbinder calls forth creatures from the Swamp!
Something hits you.
* * * LOW HITPOINT WARNING * * *
You feel your power leaking away.
Deactivating autopickup; reactivate with Ctrl-A.
The swamp drake breathes noxious fumes at you.
The noxious blast engulfs the vampire mosquito.
The vampire mosquito appears unharmed.
Found a gateway leading deeper into the Abyss.
Something hits you!
You die...

. .# ##. . . .
.. # .#. . #.#
.# ..##. ..
#..# #..#
.#>.#.. .#
##.##.......
#..####...@..#
#...#.#..##.#
#..#..##...#
##.#.k#..# # #
#..#y...##
.#.#.#y###.#
.....#x§# ..#
.#.#. #§§ ..#
#.. #..§§##...


You could see a worldbinder, a swamp drake and 2 vampire mosquitoes.

Vanquished Creatures
  Menkaure (D:5)
  An ice beast (D:6)
  A sky beast (D:5)
  A phantom (D:5)
  A centaur (D:6)
  Blork the orc (D:3)
  2 bullfrogs
  2 scorpions
  2 howler monkeys
  2 crimson imps
  2 hounds
  3 orc priests
  10 orc wizards
  A bullfrog skeleton (D:5)
  Jessica (D:3)
  3 iguanas (D:6)
  3 worker ants
  2 hound zombies
  2 hound skeletons
  A howler monkey skeleton (D:4)
  A howler monkey zombie (D:6)
  4 gnolls
  7 adders
  An adder skeleton (D:4)
  4 worms
  3 dart slugs
  4 leopard geckos
  15 orcs
  6 giant cockroaches
  5 goblins
  7 hobgoblins
  5 jackals (D:3)
  2 quokkas (D:3)
  6 bats
  9 frilled lizards
  12 kobolds
  A leopard gecko zombie (D:6)
  A quokka skeleton (D:5)
  9 rats
144 creatures vanquished.

Notes
Turn   | Place    | Note
-------+----------+-------------------------------------------
     0 | D:1      | Amnesiac the Mummy Conjurer began the quest for the Orb.
     0 | D:1      | Reached XP level 1. HP: 13/13 MP: 4/4
   428 | D:2      | Reached XP level 2. HP: 17/19 MP: 4/6
   432 | D:2      | Learned a level 2 spell: Searing Ray
   821 | D:2      | Reached XP level 3. HP: 24/24 MP: 2/8
  1343 | D:4      | Reached XP level 4. HP: 30/30 MP: 7/10
  1357 | D:4      | Learned a level 4 spell: Iskenderun's Mystic Blast
  1440 | D:4      | Found a shadowy altar of Dithmenos.
  1512 | D:4      | Reached XP level 5. HP: 35/35 MP: 5/11
  1674 | D:4      | Reached skill level 5 in Conjurations
  1724 | D:4      | Found a hazy altar of Hepliaklqana.
  1812 | D:4      | Reached skill level 5 in Spellcasting
  1958 | D:4      | Found Afes's Assorted Antiques.
  1968 | D:4      | Bought a scroll labeled WYDA LEUHAF for 32 gold pieces
  1974 | D:4      | Reached XP level 6. HP: 41/41 MP: 4/13
  2403 | D:5      | Entered Level 5 of the Dungeon
  2653 | D:3      | Noticed Jessica
  2658 | D:3      | Killed Jessica
  2658 | D:3      | Reached XP level 7. HP: 46/46 MP: 5/15
  3537 | D:5      | Learned a level 4 spell: Fulminant Prism
  3668 | D:5      | Noticed Menkaure
  3676 | D:5      | Killed Menkaure
  3676 | D:5      | Reached XP level 8. HP: 44/52 MP: 6/18
  4567 | D:6      | Found a staircase to the Ecumenical Temple.
  4679 | Temple   | Entered the Ecumenical Temple
  4687 | Temple   | Became a worshipper of Vehumet
  5369 | D:2      | Reached * piety under Vehumet
  5369 | D:2      | Offered knowledge of Sting by Vehumet.
  5946 | D:3      | Found an opulent altar of Gozag.
  6121 | D:3      | Found an iron altar of Okawaru.
  6144 | D:3      | Found a sparkling altar of Nemelex Xobeh.
  6213 | D:3      | Noticed Blork the orc
  6221 | D:3      | Killed Blork the orc
  6233 | D:3      | Found a deep blue altar of Sif Muna.
  6570 | D:7      | Noticed Harold
  6585 | D:6      | Cast into level 2 of the Abyss (Harold)
  6598 | Abyss:2  | Noticed a raiju
  6599 | Abyss:2  | Noticed a raiju
  6603 | Abyss:2  | Noticed a raiju
  6635 | Abyss:2  | Noticed a worldbinder
  6655 | Abyss:2  | Slain by a lorocyproca

Vault maps used:
D:1:      onia_arrival_mini_spirals
D:3:      tgw_sif, lemuel_doored_altar, lemuel_coloured_pillars_altar,
          st_stairs_11, nemelex_lonely_heart_becter, uniq_jessica
D:4:      minitemple, first_ration, serial_shops, shop, minmay_misc_feat_x,
          hangedman_decor_growths
D:5:      uniq_menkaure
D:6:      minmay_temple_entry_junction
D:7:      grunt_ogre_cave, uniq_harold
Temple:   eino_temple_lava

Skill      XL: |  1  2  3  4  5  6  7  8 |
---------------+-------------------------+-----
Spellcasting   | 3 4 5 7 8 |  8.5
Conjurations   | 4 5 6 7 8 |  8.5
Dodging        | |  1.5
Stealth        | |  1.5

Action                   |  1- 3 |  4- 6 |  7- 9 || total
-------------------------+-------+-------+-------++-------
Melee: Unarmed           |    17 |       |       ||    17
       Mace              |       |     4 |       ||     4
       Long sword        |       |       |    24 ||    24
 Cast: Magic Dart        |    56 |    10 |   111 ||   177
       Searing Ray       |     2 |    28 |    43 ||    73
       Iskenderun's Myst |       |       |    15 ||    15
  Use: Scroll            |     3 |     1 |     8 ||    12
Armor: Robe              |     9 |     1 |    22 ||    32
Dodge: Dodged            |    19 |    25 |    67 ||   111
       Rpst.: Long sword |       |     3 |    18 ||    21

Table legend:
 A = Spawn XP
 B = Non-spawn XP
 C = Spawn XP percentage of total XP
 D = Spawn monster count
 E = Non-spawn monster count
 F = Spawn count percentage of total count
 G = Total turns spent on level
                    A         B        C        D         E        F      G
               +---------+---------+-------+---------+---------+-------+---------
         Total |       0 |    2609 |   0.0 |       0 |     144 |   0.0 |  6655
               +---------+---------+-------+---------+---------+-------+---------
           D:1 |       0 |      44 |   0.0 |       0 |      24 |   0.0 |   933
           D:2 |       0 |      81 |   0.0 |       0 |      24 |   0.0 |   982
           D:3 |       0 |     307 |   0.0 |       0 |      33 |   0.0 |  1410
           D:4 |       0 |     693 |   0.0 |       0 |      33 |   0.0 |  1611
           D:5 |       0 |     798 |   0.0 |       0 |      14 |   0.0 |   903
           D:6 |       0 |     648 |   0.0 |       0 |      14 |   0.0 |   715
           D:7 |       0 |      38 |   0.0 |       0 |       2 |   0.0 |    14
               +---------+---------+-------+---------+---------+-------+---------
